AoeStats
← 牛油果

Arabia

507945061Analyzed
4v4 RM · 12d ago on Sep 20, 2026· 18m 40s· 8 players
Game mode
Random Map
Map size
Large (8 player)
Population
200
Speed
Normal
Resources
Standard
Victory
Conquest
Starting age
Dark Age
Ending age
Imperial Age
RankedLock teamsTeams togetherTeam positionsShared explorationLock speedFull tech treeHidden civsTurbo modeCheats
Victory
Defeat
🇦🇺 Goths · Australia
1537
+17
🇨🇦 Bohemians · Canada
1532
+17
🇦🇺 Mongols · Australia
1514
+17
🇦🇺 Celts · Australia
1485
+19
🇭🇰 Koreans · Hong Kong SAR China
1624
-21
🇭🇰 Huns · Hong Kong SAR China
1601
-20
🇭🇰 Ethiopians · Hong Kong SAR China
1500
-15
🇭🇰 Saracens · Hong Kong SAR China
1462
-14
fortificationlover
9:59 Feudal Age
10:01 Loom
11:14 Double-Bit Axe
13:40 Fletching
16:25 Horse Collar
Saintly
0:37 Loom
10:41 Feudal Age
Uncle Iroh
6:49 Loom
8:54 Feudal Age
15:32 Double-Bit Axe
16:31 Fletching
eimer6174
2:26 Loom
8:06 Feudal Age
10:28 Double-Bit Axe
17:04 Wheelbarrow
evi
3:19 Loom
11:52 Feudal Age
17:24 Double-Bit Axe
牛油果
6:18 Loom
8:49 Feudal Age
9:55 Double-Bit Axe
17:34 Wheelbarrow
20:59 Castle Age
[Marty]TheEY
2:05 Loom
Yan
6:43 Loom
9:11 Feudal Age
10:03 Double-Bit Axe
15:35 Scale Barding Armor
18:54 Wheelbarrow
Connection lost

Rejoining the realm…

Still unreachable

The connection could not be restored.

Session expired

The server has moved on; the page needs a fresh start.